Map: Acropolis LE

Players

Hellraiser

  • Race: Protoss Protoss
  • Spawn Location: 5:00

Elazer - Winner!

  • Race: Zerg Zerg
  • Spawn Location: 11:00

Event: 2019 WCS Summer

VOD

Have the link to the VOD?

Description

Time

  • Played on: July 13, 2019, 10:11 a.m.
  • Length: 12:18

All games in this series

Show
View Real Time Build Order
Export as new Build Order

Hellraiser Protoss 

Build Orders: 1 Gate Expand, Oracle Opening, Chargelot Immortal 

Get SALT Encoding   

  12  0:00  Probe  
  13  0:13  Probe  
  14  0:20  Pylon  
  14  0:22  Probe  
  15  0:34  Probe  
  15  0:39  Gateway  
  16  0:45  Probe  
  16  0:48  Assimilator  
  17  0:57  Probe  
  18  1:09  Probe  
  19  1:20  Nexus  
  19  1:22  Probe  
  20  1:34  Cybernetics Core  
  20  1:36  Probe  
  21  1:42  Assimilator  
  21  1:49  Probe  
  21  1:53  Pylon  
  22  1:59  Probe  
  22  2:01  Adept  
  23  2:09  Probe  
  26  2:17  Probe  
  26  2:21  Stargate  
  27  2:30  Probe  
  27  2:31  Stalker, Probe  
  31  2:39  Probe  
  31  2:41  Warp Gate  
  31  2:43  Probe  
  33  2:51  Probe  
  33  2:55  Probe  
  33  2:57  Oracle  
  35  3:03  Probe  
  36  3:07  Probe  
  40  3:13  Pylon  
  40  3:15  Probe  
  40  3:19  Probe  
  42  3:20  Gateway  
  42  3:25  Assimilator, Oracle  
  42  3:27  Probe, Assimilator  
  42  3:31  Probe  
  44  3:39  Probe  
  48  3:43  Probe  
  48  3:46  Pylon  
  49  3:51  Probe  
  49  3:53  Robotics Facility  
  50  3:56  Probe  
  51  4:03  Probe  
  51  4:04  Phoenix  
  51  4:08  Probe  
  55  4:15  Probe  
  56  4:20  Gateway x2  
  56  4:32  Sentry x2  
  56  4:33  Warp Prism  
  56  4:35  Nexus  
  60  4:39  Pylon  
  62  4:52  Pylon  
  62  4:57  Probe x2  
  62  4:58  Sentry x2  
  68  5:01  Pylon  
  68  5:09  Probe x2  
  68  5:12  Pylon  
  70  5:15  Sentry x2  
  71  5:21  Stalker x2, Probe, Immortal  
  71  5:22  Probe  
  77  5:34  Probe  
  77  5:35  Probe  
  82  5:39  Pylon x2  
  82  5:46  Probe  
  83  5:50  Probe  
  83  5:53  Probe  
  78  5:58  Probe  
  78  6:01  Stalker x3  
  85  6:04  Stalker  
  85  6:06  Probe  
  85  6:07  Probe  
  85  6:10  Probe, Immortal  
  88  6:18  Probe  
  79  6:19  Probe  
  79  6:23  Probe  
  82  6:30  Probe  
  82  6:31  Probe  
  83  6:33  Zealot x2  
  83  6:35  Probe  
  83  6:38  Immortal  
  87  6:46  Sentry x2  
  94  6:51  Gateway  
  94  6:54  Forge  
  95  6:55  Probe  
  95  7:01  Stalker  
  95  7:02  Stalker  
  95  7:04  Pylon  
  95  7:08  Immortal  
  98  7:10  Sentry x2  
  98  7:11  Probe x2  
  105  7:17  Twilight Council  
  105  7:20  Probe  
  109  7:23  Probe x2  
  108  7:30  Probe  
  108  7:32  Probe  
  108  7:35  Probe  
  111  7:38  Probe  
  111  7:40  Assimilator, Probe  
  111  7:41  Assimilator  
  112  7:47  Probe  
  112  7:49  Gateway  
  112  7:50  Protoss Ground Weapons Level 1  
  114  7:52  Observer, Probe  
  114  7:54  Probe, Pylon  
  114  7:55  Charge  
  117  8:00  Templar Archives  
  117  8:01  Immortal  
  117  8:12  Probe x3  
  120  8:16  Gateway x2  
  124  8:20  Pylon  
  124  8:23  Pylon  
  124  8:27  Pylon x2  
  124  8:29  Immortal, Psionic Storm  
  128  8:47  Zealot  
  128  8:48  Zealot x2  
  134  8:51  Zealot x2  
  134  8:52  Zealot  
  140  8:56  Immortal  
  140  9:09  High Templar x3  
  150  9:11  High Templar x2  
  154  9:17  Photon Cannon  
  154  9:18  Photon Cannon  
  154  9:20  Photon Cannon  
  154  9:22  Pylon x2  
  154  9:24  Pylon  
  154  9:30  Shield Battery x2  
  154  9:31  Pylon  
  154  9:38  Immortal, Oracle  
  156  9:41  Zealot x3  
  156  9:43  Zealot x2, High Templar x2  
  156  9:45  Zealot  
  156  10:11  Zealot x6  
  156  10:13  Probe x2  
  158  10:14  Observer, Probe  
  158  10:25  Probe x2  
  158  10:26  Probe  
  158  10:27  Zealot x2  
  141  10:28  Observer  
  141  10:35  Oracle  
  136  10:37  Probe  
  136  10:38  Probe, Zealot x2  
  136  10:39  Zealot x3  
  141  10:48  High Templar x3  
  146  10:58  Observer  
  146  11:01  Zealot x3  
  146  11:02  Zealot x2, Nexus  
  157  11:18  Immortal  
  155  11:19  Pylon  
  155  11:24  Zealot  
  155  11:25  Zealot x7  
  162  11:47  Zealot x3  
  162  11:48  Zealot x4  
  162  11:50  Observer  
  162  11:52  High Templar  
  121  12:12  Archon  
Show
View Real Time Build Order
Export as new Build Order

Elazer Zerg - Winner!

Build Orders: Hatch First, Lurkers, Roach Hydra 

Get SALT Encoding   

  12  0:00  Drone  
  13  0:12  Overlord  
  13  0:16  Drone  
  14  0:30  Drone x2  
  16  0:47  Hatchery  
  15  0:50  Drone  
  15  0:54  Drone  
  17  0:57  Drone  
  18  1:08  Extractor  
  17  1:14  Spawning Pool  
  17  1:15  Drone  
  17  1:18  Drone  
  18  1:29  Drone  
  19  1:39  Drone  
  20  1:50  Drone  
  21  2:00  Queen x2  
  21  2:01  Zergling x2, Overlord  
  26  2:11  Zergling x2, Drone  
  28  2:20  Drone  
  29  2:26  Drone  
  29  2:28  Hatchery  
  29  2:35  Drone x2  
  31  2:38  Queen  
  31  2:43  Metabolic Boost  
  33  2:48  Overlord  
  33  2:50  Drone  
  34  2:52  Drone  
  34  2:55  Drone  
  35  3:08  Drone  
  35  3:09  Drone x2  
  35  3:10  Drone x3  
  41  3:12  Overlord  
  41  3:18  Queen  
  43  3:31  Drone x5  
  48  3:34  Spore Crawler  
  48  3:40  Drone x2  
  49  3:42  Drone x3  
  49  3:46  Overlord, Spore Crawler  
  49  3:47  Drone  
  52  3:49  Drone  
  52  3:55  Spore Crawler  
  52  3:56  Drone  
  52  3:58  Evolution Chamber  
  52  4:00  Queen  
  52  4:01  Spore Crawler  
  55  4:03  Drone x2  
  55  4:06  Drone x2  
  55  4:09  Overlord  
  59  4:13  Lair  
  59  4:15  Drone  
  59  4:16  Drone  
  61  4:17  Drone  
  61  4:18  Drone  
  61  4:20  Drone  
  61  4:24  Extractor x2  
  63  4:31  Drone x5  
  66  4:32  Roach Warren  
  66  4:34  Drone  
  66  4:38  Drone x4  
  71  4:40  Overlord  
  71  4:42  Drone  
  71  4:43  Extractor  
  71  4:49  Extractor, Overlord  
  71  4:51  Zergling x10  
  72  4:56  Overlord  
  72  5:00  Overlord  
  72  5:06  Overlord  
  72  5:07  Zergling x2  
  72  5:13  Glial Reconstitution  
  72  5:14  Roach  
  72  5:15  Roach x4  
  72  5:16  Overseer  
  72  5:18  Roach x3  
  87  5:22  Roach  
  87  5:28  Roach x3  
  95  5:33  Nydus Network  
  95  5:34  Roach x2  
  98  5:37  Overlord  
  98  5:40  Overlord  
  97  5:44  Overlord  
  97  5:46  Overlord  
  97  5:49  Roach  
  98  5:51  Ravager x3  
  98  5:52  Ravager  
  98  5:54  Roach, Overlord  
  100  6:03  Ravager  
  98  6:04  Roach x2  
  98  6:06  Overlord  
  98  6:11  Roach x3  
  96  6:21  Roach x3  
  100  6:26  Nydus Canal  
  100  6:30  Drone x5  
  100  6:31  Drone x4  
  107  6:38  Drone  
  107  6:39  Drone  
  109  6:45  Nydus Canal  
  109  6:46  Overlord  
  109  6:48  Drone x2  
  111  6:56  Drone x4  
  111  7:00  Drone x2  
  115  7:03  Drone  
  115  7:04  Hatchery  
  115  7:05  Drone, Extractor  
  115  7:06  Hydralisk Den, Drone  
  116  7:08  Drone  
  116  7:09  Drone  
  116  7:11  Drone, Evolution Chamber  
  116  7:14  Drone  
  118  7:23  Drone x2  
  118  7:27  Drone  
  121  7:31  Drone x2  
  121  7:34  Drone x2  
  121  7:35  Drone  
  123  7:38  Grooved Spines  
  123  7:39  Zerg Missile Weapons Level 1  
  123  7:41  Hydralisk x6, Overlord  
  132  7:47  Hydralisk  
  132  7:49  Overseer  
  134  7:51  Overlord  
  134  7:53  Hydralisk  
  134  7:54  Lurker Den  
  134  7:57  Overlord  
  135  7:59  Hydralisk  
  135  8:03  Hydralisk x4  
  145  8:06  Hydralisk  
  147  8:13  Overlord  
  147  8:17  Hydralisk x4  
  147  8:18  Extractor  
  154  8:28  Hydralisk x5  
  154  8:30  Overlord  
  164  8:34  Overlord  
  164  8:42  Zergling x20  
  164  8:45  Nydus Canal  
  174  8:49  Overlord  
  174  8:50  Muscular Augments  
  174  8:52  Overlord  
  174  9:00  Hydralisk x6  
  186  9:08  Zergling x14  
  193  9:13  Spine Crawler  
  193  9:14  Spine Crawler  
  191  9:22  Lurker x5  
  191  9:23  Lurker  
  197  9:25  Zergling x6  
  197  9:28  Extractor  
  198  9:34  Lurker  
  199  9:39  Hatchery, Lurker  
  199  9:42  Overlord  
  199  9:46  Overseer x2  
  162  10:08  Hydralisk x11  
  162  10:12  Hydralisk x2  
  166  10:19  Hydralisk  
  166  10:20  Zergling x22  
  169  10:23  Hydralisk x3  
  169  10:24  Zergling x6  
  154  10:30  Hydralisk  
  154  10:33  Hydralisk x2  
  152  10:42  Drone x3  
  151  10:43  Hydralisk x4  
  159  10:51  Drone  
  159  10:53  Overlord  
  159  10:55  Hydralisk x2  
  164  11:02  Zergling x2  
  164  11:03  Zergling x10  
  170  11:07  Overlord  
  170  11:13  Hydralisk x5  
  170  11:15  Zergling x2  
  181  11:19  Hydralisk x2  
  185  11:29  Hydralisk x3  
  185  11:30  Hydralisk x2  
  195  11:33  Lurker  
  195  11:35  Zergling x6  
  198  11:44  Hydralisk x4  
  195  11:49  Zergling x8  
Tags
 
Add a new tag
Caveats
  • Supply blocks, unpowered buildings, or Contaminate may cause inaccurate times.
  • Supply counts are checked every 10 seconds.